 Dungeon Crawl Stone Soup version 0.31-a0-963-ga325b2283a (webtiles) character file.

Game seed: 13385880123909426837

30 strifetoe the Cudgeller (level 3, 0/72 HPs)
             Began as an Armataur Berserker on Oct 25, 2023.
             Was a Follower of Trog.
             Slain by Natasha (5 damage)
             ... on level 2 of the Dungeon.
             The game lasted 00:01:34 (1549 turns).

strifetoe the Cudgeller (Armataur Berserker)        Turns: 1549, Time: 00:01:34

Health: 0/72       AC: 21    Str: 24    XL:     3   Next: 3%
Magic:  3/3        EV:  1    Int:  7    God:    Trog [*.....]
Gold:   133        SH:  0    Dex: 15    Spells: 2/2 levels left

rFire   . . .        a - +0 mace
rCold   . . .        (no shield)
rNeg    . . .        b - melded +0 animal skin
rPois   +            (helmet currently unavailable)
rElec   .            (cloak currently unavailable)
rCorr   .            (gloves currently unavailable)
SInv    .            (no barding)
Will    .....        (no amulet) Stlth
                     n - +6 ring of dexterity
HPRegen 0.32/turn    (no ring)
MPRegen 0.08/turn

%: roll
@: berserking, tree-form (expiring), very quick
A: stationary, stasis, torment immunity, boosted hp, large, rugged brown scales
3, (deformed body), (armoured tail), roll, long tongue, awkward tongue
a: Renounce Religion, Berserk


You were on level 2 of the Dungeon.
You worshipped Trog.
Trog was aware of your devotion.
You were a tree.
You visited 1 branch of the dungeon, and saw 2 of its levels.

You collected 133 gold pieces.

Inventory:

Hand Weapons
 a - a +0 mace (weapon)
 k - a +0 dagger of speed
Armour
 b - a +0 animal skin (melded)
Jewellery
 n - a +6 ring of dexterity (left branch)
Talismans
 o - a maw talisman
Scrolls
 c - 2 scrolls of enchant armour {unknown}
 d - 2 scrolls of identify {unknown}
 h - 2 scrolls of vulnerability {unknown}
 i - a scroll of butterflies {unknown}
 j - a scroll of immolation {unknown}
 p - a scroll of blinking {unknown}
Potions
 e - a potion of cancellation {unknown}
 f - 2 potions of heal wounds {unknown}
 g - a potion of degeneration {unknown}
 l - a potion of haste {unknown}
 m - a potion of curing {unknown}


   Skills:
 - Level 2.6 Fighting
 + Level 3.8 Maces & Flails
 - Level 2.4 Armour
 - Level 1.3 Dodging


You had 2 spell levels left.
You didn't know any spells.
Your spell library was empty.

Dungeon Overview and Level Annotations

Branches:
Dungeon (2/15)

Altars:

Shops:
D:1 :

Annotations:
D:2 Natasha


Innate Abilities, Weirdness & Mutations

You are a tree.
Your roots penetrate the ground, keeping you stationary.
You cannot be teleported.
You are immune to unholy pain and torment.
Your maximum health is greatly increased.
Your equipment is partially melded.
(You are completely covered in rugged brown scales. (AC +3, +7% HP))
((Armour fits poorly on your strangely shaped body.))
((You have a long armoured tail.))
You roll when moving toward enemies. (Rampage)
Your long tongue fully drains potion bottles. (2x potion effects)
Your tongue gives you trouble enunciating. (1.5x scroll delay)


Message History

Natasha glows brightly for a moment.
Natasha claws you but does no damage.
The cerulean imp hits you but does no damage.
You miss Natasha.
Natasha is severely wounded.
The cerulean imp hits you but does no damage.
Natasha claws you.
The cerulean imp hits you but does no damage.
The cerulean imp hits you with a +2 spear.
You closely miss Natasha.
Natasha is severely wounded.
Natasha claws you but does no damage. The cerulean imp completely misses you.
The cerulean imp hits you with a +2 spear.
* * * LOW HITPOINT WARNING * * *
Unknown command.
The goblin shouts!
You hit Natasha.
Natasha is severely wounded.
Natasha growls.
Natasha claws you.
* * * LOW HITPOINT WARNING * * *
The cerulean imp hits you but does no damage.
The cerulean imp hits you with a +2 spear.
* * * LOW HITPOINT WARNING * * *
Natasha mumbles some strange words.
The cerulean imp hits you but does no damage.
You closely miss Natasha.
Natasha is severely wounded.
Your transformation is almost over.
The cerulean imp hits you with a +2 spear.
* * * LOW HITPOINT WARNING * * *
Natasha claws you but does no damage.
The cerulean imp hits you but does no damage. x2
Unknown command.
A red film seems to cover your vision as you go berserk!
You feel yourself moving faster!
You feel mighty!
The cerulean imp disappears in a puff of smoke!
Natasha claws you.
You die...
Natasha begins licking her fur clean.

#..###.#.# ###. ##
#......#.# ... .!
#......#.# #..#
.##
##.....#.#.##...
..
#.#####.#.##...#.#
#.#.....#.##...g.
#.#.#####.#...55#
#.#.# .#...§h#
#.#.# .#..##♣#
#.#.#####.# #.#
#.#.......#####.#
#.######.....##)#
#.######.###.##.#
#.........##.##.#
########.....##.#
##.......#
#.#######


You could see Natasha, 2 cerulean imps and a goblin.

Vanquished Creatures
  An adder (D:2)
  3 ball pythons
  2 endoplasms
  A giant cockroach (D:1)
  2 goblins (D:1)
  2 hobgoblins
  3 quokkas
  A frilled lizard (D:1)
  2 kobolds (D:2)
  4 rats (D:1)
21 creatures vanquished.

Notes
Turn   | Place    | Note
-------+----------+-------------------------------------------
     0 | D:1      | strifetoe the Armataur Berserker began the quest for the
                  | Orb.
     0 | D:1      | Reached XP level 1. HP: 19/19 MP: 1/1
   146 | D:1      | Reached skill level 3 in Maces & Flails
   207 | D:1      | Found Eteatry's Book Emporium.
   274 | D:1      | Reached XP level 2. HP: 24/26 MP: 2/2
  1487 | D:2      | Reached XP level 3. HP: 32/32 MP: 3/3
  1533 | D:2      | Noticed Natasha
  1549 | D:2      | Slain by Natasha

Illustrated notes

Levels and vault maps discovered:
D:1:      onia_arrival_mini_maze, layout_basic, serial_shops,
          nicolae_book_shop_shelving
D:2:      layout_basic, serial_corexii_hall, chequers_hall_statues_wall_a,
          chequers_hall_statues_wall_a, dreamdust_princess_bridge, uniq_natasha

Skill      XL: |  1 |
---------------+----+-----
Maces & Flails | 3 |  3.8
Fighting       | |  2.6
Armour         | |  2.4
Dodging        | |  1.3

Action                     || total
---------------------------++-------
  Melee: Mace              ||    60
         Tailslap          ||     4
 Invoke: Berserk           ||     1
   Stab: Sleeping          ||     1
 Armour: Animal skin       ||    30
         Skin              ||    24
  Dodge: Dodged            ||    29

Table legend: (Time is in decaauts)
 A = Elapsed time spent in this place.
 B = Non-inter-level travel time spent in this place.
 C = Inter-level travel time spent in this place.
 D = Time resting spent in this place.
 E = Time spent auto-exploring this place.
 F = Levels seen in this place.
 G = Mean time per level.
                   A        B        C        D        E       F      G
               +--------+--------+--------+--------+--------+-----+--------+
         Total |   1562 |   1496 |     66 |     56 |   1259 |   2 |  781.0 |
       Dungeon |   1562 |   1496 |     66 |     56 |   1259 |   2 |  781.0 |
               +--------+--------+--------+--------+--------+-----+--------+

Top non-repeatable levels by time:
     D:1: 1050 daAuts
     D:2: 512 daAuts
